| TOP OF THE 1ST |
|
Columbus Skeeters batting - Pitching for Mobile Bears : LHP Robert Konopa
|
|
Pitching: LHP Robert Konopa
|
|
|
Batting: RHB Randolph Ebersberger
|
0-0: Called Strike 0-1: Ball 1-1: Called Strike 1-2: Ball 2-2: Ball 3-2: Base on Balls
|
|
Batting: RHB Heri Ramirez
|
0-0: Ball 1-0: Ground out 4-3 (Groundball, 4, EV 89.4 MPH) Randolph Ebersberger to second
|
|
Batting: LHB Sam Horn
|
0-0: Swinging Strike 0-1: Foul Ball, location: 2F 0-2: Strikes out swinging
|
|
Batting: RHB Venoy Garrison
|
0-0: Ball 1-0: SINGLE (Groundball, 6MD, EV 94.4 MPH) Randolph Ebersberger to third Runner from 3rd tries for Home, throw by CF and OUT! 8-2
|
| Top of the 1st over - 0 runs, 1 hit, 0 errors, 1 left on base; Columbus 0 - Mobile 0 |
| BOTTOM OF THE 1ST |
|
Mobile Bears batting - Pitching for Columbus Skeeters : LHP Scott Gleckel
|
|
Pitching: LHP Scott Gleckel
|
|
|
Batting: LHB Jeffrey Szczecinski
|
0-0: Ball 1-0: Ball 2-0: Called Strike 2-1: Fly out, F8 (Flyball, 8LS, EV 85.0 MPH)
|
|
Batting: RHB Bob Hendershot
|
0-0: Called Strike 0-1: Ball 1-1: Ball 2-1: Swinging Strike 2-2: Ball 3-2: Foul Ball, location: 2F 3-2: Strikes out swinging
|
|
Batting: LHB Franklin Stubbs
|
0-0: TRIPLE (Flyball, 89XD, EV 96.9 MPH)
|
|
Batting: SHB Dave Cochrane
|
0-0: Ball 1-0: Ball 2-0: Foul Ball, location: 2F 2-1: Called Strike 2-2: Fly out, F7 (Flyball, 78S, EV 76.3 MPH)
|
| Bottom of the 1st over - 0 runs, 1 hit, 0 errors, 1 left on base; Columbus 0 - Mobile 0 |
| TOP OF THE 2ND |
|
Columbus Skeeters batting - Pitching for Mobile Bears : LHP Robert Konopa
|
|
Batting: LHB John Weller
|
0-0: Foul Ball, location: 2F 0-1: Swinging Strike 0-2: Ball 1-2: Ball 2-2: Ball 3-2: Base on Balls
|
|
Batting: RHB Danny Sheaffer
|
0-0: Foul Ball, location: 2F 0-1: Foul Ball, location: 2F 0-2: SINGLE (Groundball, 6MD, EV 110.0 MPH) John Weller to second Runner from 2nd tries for 3rd, SAFE, no throw by CF
|
|
Batting: LHB Jay Erdahl
|
0-0: Foul Ball, location: 2F 0-1: Ball 1-1: Grounds into double play, 4-6-3 (Groundball, 34, EV 88.8 MPH) John Weller scores
|
|
Batting: RHB Joe Redfield
|
0-0: Ball 1-0: Foul Ball, location: 2F 1-1: DOUBLE (Flyball, 78XD, EV 103.1 MPH)
|
|
Batting: SHB Mike Howard
|
0-0: Ball 1-0: Ball 2-0: Foul Ball, location: 2F 2-1: Ground out 6-3 (Groundball, 6M, EV 93.8 MPH)
|
| Top of the 2nd over - 1 run, 2 hits, 0 errors, 1 left on base; Columbus 1 - Mobile 0 |
| BOTTOM OF THE 2ND |
|
Mobile Bears batting - Pitching for Columbus Skeeters : LHP Scott Gleckel
|
|
Batting: RHB Rick Stromer
|
0-0: Called Strike 0-1: Ball 1-1: Ball 2-1: Foul Ball, location: 2F 2-2: Strikes out looking
|
|
Batting: RHB Jose Aguirre
|
0-0: Ball 1-0: Ball 2-0: Foul Ball, location: 2F 2-1: Swinging Strike 2-2: Foul Ball, location: 2F 2-2: Ground out 6-3 (Groundball, 6, EV 83.8 MPH)
|
|
Batting: LHB Douglas Latrenta
|
0-0: Ball 1-0: Ground out 6-3 (Groundball, 6M, EV 111.3 MPH)
|
| Bottom of the 2nd over - 0 runs, 0 hits, 0 errors, 0 left on base; Columbus 1 - Mobile 0 |
| TOP OF THE 3RD |
|
Columbus Skeeters batting - Pitching for Mobile Bears : LHP Robert Konopa
|
|
Batting: RHB Randolph Ebersberger
|
0-0: Ball 1-0: Ball 2-0: Ball 3-0: Called Strike 3-1: Foul Ball, location: 2F 3-2: Base on Balls
|
|
Batting: RHB Heri Ramirez
|
0-0: Ball 1-0: Ball 2-0: Called Strike 2-1: Called Strike 2-2: Foul Ball, location: 2F 2-2: Ball 3-2: Foul Ball, location: 2F 3-2: Foul Ball, location: 2F 3-2: SINGLE (Groundball, 56D, EV 101.3 MPH) Randolph Ebersberger to second
|
|
Batting: LHB Sam Horn
|
0-0: Called Strike 0-1: Swinging Strike 0-2: Ball 1-2: Ball 2-2: Ball 3-2: Foul Ball, location: 2F 3-2: Base on Balls Randolph Ebersberger to third Heri Ramirez to second
|
|
Batting: RHB Venoy Garrison
|
0-0: Ball 1-0: Ball 2-0: Fly out, F6 (Popup, 6MD, EV 43.8 MPH)
|
|
Batting: LHB John Weller
|
0-0: Foul Ball, location: 2F 0-1: Ball 1-1: Swinging Strike 1-2: Strikes out looking
|
|
Batting: RHB Danny Sheaffer
|
0-0: Ball 1-0: Ball 2-0: Swinging Strike 2-1: Swinging Strike 2-2: Ball 3-2: Foul Ball, location: 2F 3-2: SINGLE (Groundball, 56S, EV 65.0 MPH) (infield hit) Randolph Ebersberger scores Heri Ramirez to third Sam Horn to second
|
|
Batting: LHB Jay Erdahl
|
0-0: Ball 1-0: Fly out, F5 (Popup, 56, EV 63.8 MPH)
|
| Top of the 3rd over - 1 run, 2 hits, 0 errors, 3 left on base; Columbus 2 - Mobile 0 |
| BOTTOM OF THE 3RD |
|
Mobile Bears batting - Pitching for Columbus Skeeters : LHP Scott Gleckel
|
|
Batting: SHB Rodney Scott
|
0-0: Bunted foul 0-1: Ball 1-1: Foul Ball, location: 2F 1-2: Ground out 6-3 (Groundball, 56, EV 92.5 MPH)
|
|
Batting: SHB Paul Hundhammer
|
0-0: Ball 1-0: Fly out, F9 (Flyball, 9S, EV 98.8 MPH)
|
|
Batting: LHB Jeffrey Szczecinski
|
0-0: Ball 1-0: Ground out 6-3 (Groundball, 56, EV 104.4 MPH)
|
| Bottom of the 3rd over - 0 runs, 0 hits, 0 errors, 0 left on base; Columbus 2 - Mobile 0 |
| TOP OF THE 4TH |
|
Columbus Skeeters batting - Pitching for Mobile Bears : LHP Robert Konopa
|
|
Batting: RHB Joe Redfield
|
0-0: Called Strike 0-1: Ball 1-1: Swinging Strike 1-2: Ball 2-2: Ball 3-2: Base on Balls
|
|
Batting: SHB Mike Howard
|
0-0: Swinging Strike 0-1: Swinging Strike 0-2: Fly out, F9 (Flyball, 9S, EV 86.3 MPH)
|
|
Batting: RHB Randolph Ebersberger
|
0-0: Ball 1-0: Swinging Strike 1-1: Ball 2-1: Ball 3-1: Foul Ball, location: 2F 3-2: Base on Balls Joe Redfield to second
|
|
Batting: RHB Heri Ramirez
|
0-0: Foul Ball, location: 2F 0-1: Ball 1-1: Ball 2-1: Ball 3-1: Fielders Choice at 2nd, 6-4 (Groundball, 6, EV 85.0 MPH) Joe Redfield to third
|
|
Batting: LHB Sam Horn
|
0-0: Called Strike 0-1: Ball 1-1: Ball 2-1: Ground out 6-3 (Groundball, 6S, EV 86.9 MPH)
|
| Top of the 4th over - 0 runs, 0 hits, 0 errors, 2 left on base; Columbus 2 - Mobile 0 |
| BOTTOM OF THE 4TH |
|
Mobile Bears batting - Pitching for Columbus Skeeters : LHP Scott Gleckel
|
|
Batting: RHB Bob Hendershot
|
0-0: Ground out 6-3 (Groundball, 6, EV 86.3 MPH)
|
|
Batting: LHB Franklin Stubbs
|
0-0: Ball 1-0: Fly out, F9 (Line Drive, 9, EV 91.9 MPH)
|
|
Batting: SHB Dave Cochrane
|
0-0: Ball 1-0: Fly out, F6 (Line Drive, 6, EV 63.1 MPH)
|
| Bottom of the 4th over - 0 runs, 0 hits, 0 errors, 0 left on base; Columbus 2 - Mobile 0 |
| TOP OF THE 5TH |
|
Columbus Skeeters batting - Pitching for Mobile Bears : LHP Robert Konopa
|
|
Batting: RHB Venoy Garrison
|
0-0: Ball 1-0: SINGLE (Line Drive, 7S, EV 88.8 MPH)
|
|
Batting: LHB John Weller
|
0-0: Ball 1-0: Ball 2-0: Ball 3-0: Base on Balls Venoy Garrison to second
|
|
Batting: RHB Danny Sheaffer
|
0-0: Ball 1-0: Bunt - Flyout to 5S! F5
|
|
Batting: LHB Jay Erdahl
|
0-0: Ball 1-0: Called Strike 1-1: Called Strike 1-2: Foul Ball, location: 2F 1-2: Strikes out looking
|
|
Batting: RHB Joe Redfield
|
0-0: Called Strike 0-1: Called Strike 0-2: Ball 1-2: Ball 2-2: Strikes out swinging, 2-3 out at first.
|
| Top of the 5th over - 0 runs, 1 hit, 0 errors, 2 left on base; Columbus 2 - Mobile 0 |
| BOTTOM OF THE 5TH |
|
Mobile Bears batting - Pitching for Columbus Skeeters : LHP Scott Gleckel
|
|
Batting: RHB Rick Stromer
|
0-0: Ball 1-0: Ball 2-0: Fly out, F7 (Flyball, 7, EV 93.1 MPH)
|
|
Batting: RHB Jose Aguirre
|
0-0: Ball 1-0: Ground out 5-3 (Groundball, 56S, EV 63.1 MPH)
|
|
Batting: LHB Douglas Latrenta
|
0-0: Swinging Strike 0-1: Foul Ball, location: 2F 0-2: Fly out, F9 (Flyball, 9, EV 86.9 MPH)
|
| Bottom of the 5th over - 0 runs, 0 hits, 0 errors, 0 left on base; Columbus 2 - Mobile 0 |
| TOP OF THE 6TH |
|
Columbus Skeeters batting - Pitching for Mobile Bears : LHP Robert Konopa
|
|
Batting: SHB Mike Howard
|
0-0: Foul Ball, location: 2F 0-1: Ball 1-1: Fly out, F8 (Line Drive, 8RD, EV 93.8 MPH)
|
|
Batting: RHB Randolph Ebersberger
|
0-0: Foul Ball, location: 2F 0-1: Ball 1-1: SINGLE (Line Drive, 9S, EV 112.5 MPH)
|
|
Batting: RHB Heri Ramirez
|
0-0: Ball 1-0: Ball 2-0: Ball 3-0: Called Strike 3-1: Fielders Choice at 2nd, 5-4 (Groundball, 5, EV 110.6 MPH)
|
|
Batting: LHB Sam Horn
|
0-0: Ball 1-0: Called Strike 1-1: Ball 2-1: Ball 3-1: Called Strike 3-2: Foul Ball, location: 2F 3-2: Ground out U3 (Groundball, 3, EV 80.6 MPH)
|
| Top of the 6th over - 0 runs, 1 hit, 0 errors, 1 left on base; Columbus 2 - Mobile 0 |
| BOTTOM OF THE 6TH |
|
Mobile Bears batting - Pitching for Columbus Skeeters : LHP Scott Gleckel
|
|
Batting: SHB Rodney Scott
|
0-0: Ball 1-0: Called Strike 1-1: Fly out, F8 (Flyball, 89M, EV 90.0 MPH)
|
|
Batting: SHB Paul Hundhammer
|
0-0: Ball 1-0: Ball 2-0: Fly out, F7 (Flyball, 7LS, EV 86.3 MPH)
|
|
Batting: LHB Jeffrey Szczecinski
|
0-0: Foul Ball, location: 2F 0-1: Foul Ball, location: 2F 0-2: SINGLE (Line Drive, 8RS, EV 102.5 MPH)
|
|
Batting: RHB Bob Hendershot
|
0-0: Ball 1-0: DOUBLE (Flyball, 8RXD, EV 90.6 MPH) Jeffrey Szczecinski to third Runner from 3rd tries for Home, SAFE, throw by CF to home
|
|
Batting: LHB Franklin Stubbs
|
0-0: Called Strike 0-1: Foul Ball, location: 2F 0-2: Ball 1-2: Fly out, F7 (Flyball, 7D, EV 103.1 MPH)
|
| Bottom of the 6th over - 1 run, 2 hits, 0 errors, 1 left on base; Columbus 2 - Mobile 1 |
| TOP OF THE 7TH |
|
Columbus Skeeters batting - Pitching for Mobile Bears : LHP Robert Konopa
|
|
Batting: RHB Venoy Garrison
|
0-0: Ball 1-0: Ball 2-0: Fly out, F7 (Flyball, 7D, EV 94.4 MPH)
|
|
Batting: LHB John Weller
|
0-0: Called Strike 0-1: Ball 1-1: Called Strike 1-2: Strikes out looking
|
|
Batting: RHB Danny Sheaffer
|
0-0: Foul Ball, location: 2F 0-1: Swinging Strike 0-2: Foul Ball, location: 2F 0-2: Fly out, F8 (Flyball, 8LM, EV 93.8 MPH)
|
| Top of the 7th over - 0 runs, 0 hits, 0 errors, 0 left on base; Columbus 2 - Mobile 1 |
| BOTTOM OF THE 7TH |
|
Mobile Bears batting - Pitching for Columbus Skeeters : LHP Scott Gleckel
|
|
Batting: SHB Dave Cochrane
|
0-0: Ground out 4-3 (Groundball, 4, EV 86.9 MPH)
|
|
Batting: RHB Rick Stromer
|
0-0: Ball 1-0: Called Strike 1-1: Swinging Strike 1-2: Foul Ball, location: 2F 1-2: Ball 2-2: Foul Ball, location: 2F 2-2: Strikes out swinging
|
|
Batting: RHB Jose Aguirre
|
0-0: Ball 1-0: Ball 2-0: Ground out 4-3 (Groundball, 4, EV 99.4 MPH)
|
| Bottom of the 7th over - 0 runs, 0 hits, 0 errors, 0 left on base; Columbus 2 - Mobile 1 |
| TOP OF THE 8TH |
|
Columbus Skeeters batting - Pitching for Mobile Bears : LHP Robert Konopa
|
|
Batting: LHB Jay Erdahl
|
0-0: Ball 1-0: Fly out, F7 (Flyball, 7LS, EV 84.4 MPH)
|
|
Batting: RHB Joe Redfield
|
0-0: Called Strike 0-1: Foul Ball, location: 2F 0-2: Ball 1-2: Ball 2-2: Foul Ball, location: 2F 2-2: Strikes out swinging
|
|
Batting: SHB Mike Howard
|
0-0: Ball 1-0: Ball 2-0: Swinging Strike 2-1: Ball 3-1: Base on Balls
|
|
Batting: RHB Randolph Ebersberger
|
0-0: Ball 1-0: Ball Mike Howard steals 2nd base 2-0: Ball 3-0: Called Strike 3-1: Called Strike 3-2: Foul Ball, location: 2F 3-2: Foul Ball, location: 2F 3-2: Foul Ball, location: 2F 3-2: Foul Ball, location: 2F 3-2: Foul Ball, location: 2F 3-2: Foul Ball, location: 2F 3-2: SINGLE (Groundball, P, EV 76.3 MPH) (infield hit) Mike Howard to third
|
|
Pitching: RHP Harold Kelly
|
|
|
Batting: RHB Heri Ramirez
|
0-0: Called Strike 0-1: Swinging Strike 0-2: Ball 1-2: Foul Ball, location: 2F 1-2: Foul Ball, location: 2F 1-2: Fly out, F3 (Popup, 3SF, EV 75.0 MPH)
|
| Top of the 8th over - 0 runs, 1 hit, 0 errors, 2 left on base; Columbus 2 - Mobile 1 |
| BOTTOM OF THE 8TH |
|
Mobile Bears batting - Pitching for Columbus Skeeters : LHP Scott Gleckel
|
|
Batting: LHB Douglas Latrenta
|
0-0: Called Strike 0-1: Ball 1-1: Ball 2-1: Ball 3-1: Base on Balls
|
|
Pinch Hitting: RHB Tony Velasquez
|
0-0: Bunt missed! 0-1: Bunt missed! 0-2: Ball 1-2: Foul Ball, location: 2F 1-2: Strikes out swinging
|
|
Batting: SHB Paul Hundhammer
|
0-0: Ball 1-0: Foul Ball, location: 2F 1-1: Ball 2-1: Foul Ball, location: 2F 2-2: Ball 3-2: Foul Ball, location: 2F 3-2: Fielders Choice at 2nd, 4-6 (Groundball, 34S, EV 86.9 MPH)
|
|
Batting: LHB Jeffrey Szczecinski
|
0-0: Ground out 4-3 (Groundball, 34, EV 98.8 MPH)
|
| Bottom of the 8th over - 0 runs, 0 hits, 0 errors, 1 left on base; Columbus 2 - Mobile 1 |
| TOP OF THE 9TH |
|
Columbus Skeeters batting - Pitching for Mobile Bears : RHP Harold Kelly
|
|
Now at 3B: Jim Opie
|
|
|
Batting: LHB Sam Horn
|
0-0: Called Strike 0-1: Called Strike 0-2: Ball 1-2: Strikes out swinging
|
|
Batting: RHB Venoy Garrison
|
0-0: Foul Ball, location: 2F 0-1: Foul Ball, location: 2F 0-2: Ball 1-2: Ball 2-2: Strikes out swinging
|
|
Batting: LHB John Weller
|
0-0: Swinging Strike 0-1: Ball 1-1: Swinging Strike 1-2: Ball 2-2: Ball 3-2: Foul Ball, location: 2F 3-2: Foul Ball, location: 2F 3-2: Fly out, F8 (Flyball, 78M, EV 91.3 MPH)
|
| Top of the 9th over - 0 runs, 0 hits, 0 errors, 0 left on base; Columbus 2 - Mobile 1 |
| BOTTOM OF THE 9TH |
|
Mobile Bears batting - Pitching for Columbus Skeeters : LHP Scott Gleckel
|
|
Pitching: LHP Alejandro Arboleda
|
|
|
Batting: RHB Bob Hendershot
|
0-0: Ball 1-0: Fly out, F3 (Flyball, 3D, EV 81.3 MPH)
|
|
Batting: LHB Franklin Stubbs
|
0-0: Ball 1-0: Ground out 6-3 (Groundball, 6, EV 104.4 MPH)
|
|
Batting: SHB Dave Cochrane
|
0-0: Foul Ball, location: 2F 0-1: Called Strike 0-2: Ball 1-2: Ball 2-2: Strikes out swinging
|
| Bottom of the 9th over - 0 runs, 0 hits, 0 errors, 0 left on base; Columbus 2 - Mobile 1 |
|